AoeStats
← Galoppus2

Arabia

508279816Analyzed
1v1 RM · 11d ago on Sep 21, 2026· 62m 55s· 2 players
Game mode
Random Map
Map size
Tiny (2 player)
Population
200
Speed
Normal
Resources
Standard
Victory
Conquest
Starting age
Dark Age
Ending age
Imperial Age
RankedLock teamsTeams togetherTeam positionsShared explorationLock speedFull tech treeHidden civsTurbo modeCheats
Victory
Defeat
🇩🇪 Jurchens · Germany
1258
+18
🇦🇷 Romans · Argentina
1299
-18
Galoppus2
7:01 Loom
10:00 Feudal Age
10:08 Man-at-Arms
15:13 Wheelbarrow
16:49 Double-Bit Axe
16:45 Horse Collar
18:13 Padded Archer Armor
18:47 Fletching
23:43 Castle Age
22:07 Gold Mining
22:56 Bloodlines
23:02 Scale Barding Armor
23:53 Forging
25:00 Town Watch
33:40 Heavy Plow
33:55 Bow Saw
39:48 Imperial Age
38:06 Siege Engineers
39:15 Hand Cart
41:06 Chain Barding Armor
41:09 Ballistics
42:02 Leather Archer Armor
44:25 Thunderclap Bombs
46:49 Heavy Rocket Cart
48:33 Pikeman
49:25 Halberdier
50:08 Bodkin Arrow
50:44 Ring Archer Armor
50:16 Scale Mail Armor
52:40 Squires
53:24 Elite Steppe Lancer
55:16 Gambesons
55:48 Chain Mail Armor
56:09 Iron Casting
55:56 Husbandry
57:20 Bracer
58:36 Chemistry
61:02 Conscription
60:56 Masonry
62:23 Plate Barding Armor
Theviejo
6:30 Loom
9:34 Feudal Age
12:38 Double-Bit Axe
23:04 Castle Age
21:03 Horse Collar
20:56 Man-at-Arms
21:48 Fletching
22:46 Scale Mail Armor
23:07 Long Swordsman
24:30 Bow Saw
25:16 Bodkin Arrow
25:22 Crossbowman
27:38 Pikeman
28:18 Squires
28:47 Forging
32:59 Wheelbarrow
36:14 Heavy Plow
39:47 Imperial Age
38:45 Chain Mail Armor
39:05 Iron Casting
38:22 Town Watch
38:52 Hand Cart
39:51 Iron Casting
41:10 Stone Mining
41:10 Gold Mining
43:52 Blast Furnace
42:36 Legionary
42:36 Halberdier
43:45 Bloodlines
43:36 Husbandry
43:51 Padded Archer Armor
45:00 Chemistry
44:21 Ballistics
44:37 Conscription
44:12 Cavalier
44:59 Scale Barding Armor
46:13 Leather Archer Armor
46:20 Chain Barding Armor
51:42 Gold Shaft Mining
52:21 Light Cavalry
54:57 Plate Barding Armor
56:12 Ring Archer Armor
58:56 Heavy Scorpion
Connection lost

Rejoining the realm…

Still unreachable

The connection could not be restored.

Session expired

The server has moved on; the page needs a fresh start.